 Dungeon Crawl Stone Soup version 0.27-a0-385-g3208abaabc (webtiles) character file.

Game seed: 4202136284842754788

1703320 EnegeticOcto the Hawkeye (level 25, 290/290 (327) HPs)
             Began as a Troll Hunter on Feb 19, 2021.
             Was the Champion of Ru.
             Escaped with the Orb
             ... and 3 runes!
             The game lasted 02:08:32 (68548 turns).

EnegeticOcto the Hawkeye (Troll Hunter)            Turns: 68548, Time: 02:08:32

HP:   290/290 (327) AC: 28    Str: 27    XL:     25
MP:   22/22         EV: 13    Int:  8    God:    Ru [******]
Gold: 4299          SH: 30    Dex: 18    Spells: 24/24 levels left

rFire    + + .     SeeInvis .     - Unarmed
rCold    + . .     Faith    .   D - +18 shield of the Gong {rElec rN+ Will+ EV-5}
rNeg     + . .     Spirit   .   R - +10 storm dragon scales {Bai Suzhen}
rPois    +         Reflect  .   U - +2 hat
rElec    +         Harm     .   E - scarf {rC+ rF+}
rCorr    +         Rampage  .   (gloves unavailable)
Will     ++...                  (boots unavailable)
Stlth    ..........             v - amulet "Musick" {RegenMP rElec rPois}
HPRegen  1.58/turn              I - ring of the Hare {EV+8}
MPRegen  0.43/turn              j - ring "Nani" {rF+ rCorr Int+3}

@: studying 2 skills, heavily drained
A: large, unfitting armour, claws 3, deterioration 2, dopey 1, sense
surroundings 1, regeneration 1, robust 2, shaggy fur 1, tough skin 1, hated by
all, no hexes magic, no poison magic, no translocations magic, unskilled 1,
inexperienced 1
0: Orb of Zot
}: 3/15 runes: serpentine, barnacled, silver
a: Renounce Religion, Draw Out Power, Power Leap, Apocalypse


You escaped.
You worshipped Ru.
Ru was exalted by your worship.
You visited 10 branches of the dungeon, and saw 50 of its levels.
You visited the Abyss 2 times.
You visited 1 bazaar.
You also visited: Sewer and Ice Cave.

You collected 9698 gold pieces.
You spent 5399 gold pieces at shops.

Inventory:

Hand Weapons
 y - a +7 whip of distortion
   (You took it off an orc on level 3 of the Dungeon)
Missiles
 c - 150 large rocks (quivered)
 d - 9 throwing nets {!f}
 o - 83 boomerangs
 G - 54 silver javelins
 J - 90 javelins
 T - 8 curare-tipped darts
Armour
 D - the +18 shield of the Gong (worn) {rElec rN+ Will+ EV-5}
   (You found it in an ice cave)

   It affects your evasion (-5).
   It insulates you from electricity.
   It protects you from negative energy.
   It affects your willpower, your defense against some magical effects.
 E - a scarf of resistance (worn)
   (You found it on level 2 of the Depths)
 R - +10 storm dragon scales (worn) {Bai Suzhen}
   (You found it on level 3 of the Elven Halls)
 U - a +2 hat (worn)
   (You found it on level 6 of the Lair of Beasts)
Jewellery
 j - the ring "Nani" (right claw) {rF+ rCorr Int+3}
   (You bought it in a shop on level 2 of the Orcish Mines)

   [ring of resist corrosion]

   It affects your intelligence (+3).
   It protects you from fire.
   It provides partial protection from all sources of acid and corrosion.
 k - the ring of Noxkit {+Inv Will+}
   (You acquired it on level 4 of the Realm of Zot)

   [ring of willpower]

   It affects your willpower, your defense against some magical effects.
   It lets you turn invisible.
 v - the amulet "Musick" (around neck) {RegenMP rElec rPois}
   (You took it off a deep elf high priest on level 3 of the Elven Halls)

   [amulet of magic regeneration]

   It increases your magic regeneration.
   It insulates you from electricity.
   It protects you from poison.
 I - the ring of the Hare (left claw) {EV+8}
   (You took it off a deep elf sorcerer on level 3 of the Elven Halls)

   [ring of evasion]

   It affects your evasion (+8).
 X - a ring of protection from cold
   (You found it on level 12 of the Dungeon)
 Y - a +4 ring of protection
   (You found it on level 3 of the Shoals)
Wands
 K - a wand of mindburst (31)
   (You found it on level 9 of the Dungeon)
 L - a wand of iceblast (13) {@v2}
   (You found it on level 9 of the Dungeon)
 Q - a wand of acid (18) {@v1}
   (You found it on level 3 of the Lair of Beasts)
 V - a wand of digging (20) {@v3}
   (You found it on level 6 of the Lair of Beasts)
 W - a wand of polymorph (71)
   (You found it on level 6 of the Lair of Beasts)
 Z - a wand of paralysis (36)
   (You found it on level 13 of the Dungeon)
Scrolls
 b - 7 scrolls of immolation
 e - 4 scrolls of blinking {@r4}
 f - 22 scrolls of teleportation {@r3 !r}
 i - 6 scrolls of magic mapping {@r5 !r}
 s - 15 scrolls of fog {!r}
 A - 6 scrolls of fear {!r}
 B - a scroll of torment
 N - 16 scrolls of identify {@r1}
 P - 7 scrolls of vulnerability
Potions
 a - 10 potions of lignification {@q6}
 g - 5 potions of invisibility
 h - 4 potions of resistance
 m - 5 potions of berserk rage
 n - 4 potions of might {@q3 !q}
 p - 3 potions of ambrosia
 q - 4 potions of cancellation
 r - 7 potions of heal wounds {@q2 !q}
 t - 3 potions of magic
 u - 11 potions of flight
 w - 3 potions of mutation
 x - 8 potions of haste {@q4 !q}
 C - 10 potions of attraction
 H - 16 potions of curing {@q1 !q}
Miscellaneous
 l - a tin of tremorstones (2/2)
   (You found it on level 2 of the Shoals)
 z - a lightning rod (4/4)
   (You found it on level 4 of the Lair of Beasts)
 O - a condenser vane
   (You found it on level 1 of the Vaults)
 S - a phial of floods
   (You found it on level 5 of the Lair of Beasts)


   Skills:
 - Level 20.0 Fighting
 + Level 25.2 Throwing
 - Level 10.0 Armour
 - Level 5.0 Dodging
 - Level 4.0 Stealth
 - Level 9.0 Shields
 - Level 16.5 Unarmed Combat
 - Level 8.0 Evocations


You had 24 spell levels left.
You didn't know any spells.
Your spell library contained the following spells:

 Spells                   Type           Power        Failure   Level
 Beastly Appendage        Tmut           0%           89%         1
 Foxfire                  Conj/Fire      0%           89%         1
 Freeze                   Ice            0%           89%         1
 Sandblast                Erth           0%           89%         1
 Shock                    Conj/Air       0%           89%         1
 Corpse Rot               Necr/Air       N/A          96%         2
 Passwall                 Tmut/Erth      0%           96%         2
 Searing Ray              Conj           0%           96%         2
 Sublimation of Blood     Necr           0%           96%         2
 Swiftness                Air            0%           96%         2
 Wereblood                Tmut           0%           96%         2
 Conjure Flame            Conj/Fire      0%           99%         3
 Frozen Ramparts          Ice            0%           99%         3
 Ozocubu's Armour         Ice            0%           99%         3
 Static Discharge         Conj/Air       0%           99%         3
 Stone Arrow              Conj/Erth      0%           99%         3
 Airstrike                Air            0%           100%        4
 Dispel Undead            Necr           0%           100%        4
 Hailstorm                Conj/Ice       0%           100%        4
 Ice Form                 Ice/Tmut       0%           100%        4
 Petrify                  Tmut/Erth      0%           100%        4
 Sticky Flame             Conj/Fire      0%           100%        4
 Agony                    Necr           0%           100%        5
 Blade Hands              Tmut           0%           100%        5
 Borgnjor's Vile Clutch   Necr/Erth      0%           100%        5
 Excruciating Wounds      Necr           0%           100%        5
 Fireball                 Conj/Fire      0%           100%        5
 Lee's Rapid Deconstruct  Erth           0%           100%        5
 Lightning Bolt           Conj/Air       0%           100%        5
 Conjure Ball Lightning   Conj/Air       0%           100%        6
 Freezing Cloud           Conj/Ice/Air   0%           100%        6
 Starburst                Conj/Fire      0%           100%        6
 Dragon Form              Tmut           0%           100%        7
 Borgnjor's Revivificati  Necr           0%           100%        8
 Ignition                 Fire           0%           100%        8
 Necromutation            Tmut/Necr      0%           100%        8
 Death's Door             Necr           0%           100%        9
 Shatter                  Erth           0%           100%        9
 Tornado                  Air            0%           100%        9
 Animate Skeleton         Necr           Unusable     N/A         1
 Apportation              Tloc           Unusable     N/A         1
 Corona                   Hex            Unusable     N/A         1
 Sting                    Tmut/Pois      Unusable     N/A         1
 Summon Small Mammal      Summ           Unusable     N/A         1
 Blink                    Tloc           Unusable     N/A         2
 Call Imp                 Summ           Unusable     N/A         2
 Ensorcelled Hibernation  Hex/Ice        Unusable     N/A         2
 Poisonous Vapours        Pois/Air       Unusable     N/A         2
 Slow                     Hex            Unusable     N/A         2
 Call Canine Familiar     Summ           Unusable     N/A         3
 Confusing Touch          Hex            Unusable     N/A         3
 Gell's Gravitas          Tloc           Unusable     N/A         3
 Ignite Poison            Fire/Tmut/Pois Unusable     N/A         3
 Inner Flame              Hex/Fire       Unusable     N/A         3
 Lesser Beckoning         Tloc           Unusable     N/A         3
 Mephitic Cloud           Conj/Pois/Air  Unusable     N/A         3
 Portal Projectile        Hex/Tloc       Unusable     N/A         3
 Spider Form              Tmut/Pois      Unusable     N/A         3
 Summon Guardian Golem    Hex/Summ       Unusable     N/A         3
 Teleport Other           Tloc           Unusable     N/A         3
 Animate Armour           Summ/Erth      Unusable     N/A         4
 Animate Dead             Necr           Unusable     N/A         4
 Cause Fear               Hex            Unusable     N/A         4
 Leda's Liquefaction      Hex/Erth       Unusable     N/A         4
 Manifold Assault         Tloc           Unusable     N/A         4
 Olgreb's Toxic Radiance  Pois           Unusable     N/A         4
 Passage of Golubria      Tloc           Unusable     N/A         4
 Summon Ice Beast         Ice/Summ       Unusable     N/A         4
 Summon Lightning Spire   Summ/Air       Unusable     N/A         4
 Metabolic Englaciation   Hex/Ice        Unusable     N/A         5
 Silence                  Hex/Air        Unusable     N/A         5
 Summon Forest            Summ/Tloc      Unusable     N/A         5
 Summon Mana Viper        Hex/Summ       Unusable     N/A         5
 Yara's Violent Unravell  Hex/Tmut       Unusable     N/A         5
 Death Channel            Necr           Unusable     N/A         6
 Invisibility             Hex            Unusable     N/A         6
 Shadow Creatures         Summ           Unusable     N/A         6
 Simulacrum               Ice/Necr       Unusable     N/A         6
 Spellforged Servitor     Conj/Summ      Unusable     N/A         7
 Summon Hydra             Summ           Unusable     N/A         7
 Infestation              Necr           Unusable     N/A         8
 Dragon's Call            Summ           Unusable     N/A         9

Dungeon Overview and Level Annotations

Branches:
Dungeon (15/15)            Temple (1/1) D:6            Lair (6/6) D:11
 Shoals (4/4) Lair:2        Snake (4/4) Lair:2        Slime (0/5) Lair:5
    Orc (2/2) D:10            Elf (3/3) Orc:2        Vaults (5/5) D:14
  Crypt (0/3) Vaults:3     Depths (5/5) D:15            Zot (5/5) Depths:5
  Sewer (visited)           IceCv (visited)

Altars:
Ashenzari
Cheibriados
Dithmenos
Elyvilon
Fedhas
Gozag
Hepliaklqana
Kikubaaqudgha
Makhleb
Nemelex Xobeh
Okawaru
Qazlal
Ru
Sif Muna
Trog
Uskayaw
Vehumet
Wu Jian
Xom
Yredelemnul
Zin
The Shining One
Jiyva

Shops:
D:5 *   Orc:2 (=[*   Elf:2 *   Elf:3 [   Snake:1 [*   Snake:3 =   Vaults:4 (*(
Depths:4 :=:

Portals:
Hell: Depths:1 Depths:2 Depths:3 Depths:4 Depths:5
Abyss: Depths:3 Depths:4
Pandemonium: Depths:3 Depths:5
Ziggurat: Depths:3
Trove: D:12 (lose all piety)

Annotations:
Lair:5 4 runed translucent doors, Berchol's ghost, journeyman DgCj
Shoals:4 Roxanne
Elf:2 3 runed translucent doors
Depths:3 exclusions: eye of draining, great orb of eyes and shining eye
Zot:2 2 exclusions


Innate Abilities, Weirdness & Mutations

You are too large for most types of armour.
You have claws for hands.
You are dopey. (Int -2)
Your natural rate of healing is unusually fast.
You are covered in fur. (AC +1)
You have tough skin. (AC +1)
You are hated by all.
You cannot study or cast Hexes magic.
You cannot study or cast Poison magic.
You cannot study or cast Translocations magic.
You are somewhat unskilled. (-1 Apt)
You are somewhat inexperienced. (-2 XL)
Your body often deteriorates upon taking damage.
You passively map a small area around you.
You are very robust. (+20% HP)


Message History

BONNNG!
You scratch the Hell Sentinel but do no damage.
The Hell Sentinel is moderately wounded.
You block the Hell Sentinel's attack.
SHROANNG!
The Hell Sentinel hits you but does no damage.
You block the leopard gecko zombie's attack.
PANG!
The rakshasa weaves an illusion.
The large abomination shimmers and seems to become two!
You scratch the Hell Sentinel.
The Hell Sentinel is moderately wounded.
You scratch the Hell Sentinel but do no damage.
The Hell Sentinel is moderately wounded.
You block the rakshasa's attack.
GONNNNG!
You block the leopard gecko zombie's attack.
BONNNG!
The Hell Sentinel gestures at you. You block the iron shot.
GONNNNG!
You reveal the great annihilating truth to your foes!
You destroy the leopard gecko zombie!
You destroy the large abomination!
The rakshasa doubts its magic when faced with ultimate truth!
You kill the Hell Sentinel!
You destroy the large abomination!
You feel drained.
You redirect the rakshasa's attack!
The rakshasa hits you but does no damage.
You miss the rakshasa.
The rakshasa is almost dead.
You block the rakshasa's attack.
PANG!
There is a stone staircase leading up here.
You closely miss the rakshasa.
The rakshasa is almost dead.
You mangle the rakshasa!!
You kill the rakshasa!
No target in view!
No target in view!
No target in view!
c - 150 large rocks (gained 1)
There is a stone staircase leading up here.
(D) Dungeon (T) Temple (L) Lair (A) Shoals (P) Snake Pit (M) Slime Pits (O) Orcish Mines (E) Elven Halls (V) Vaults (C) Crypt (U) Depths (H) Hell (Z) Zot
Where to? (Enter - D:1 @ (x,y), ? - help)
You climb upwards.
There is a stone staircase leading down here.
Magic restored.
HP restored.
Things that are here:
a +0 leather armour; a +0 dagger; a +0 hand axe
There is a stone staircase leading up here.
You feel less exhausted.
You climb upwards.
There is a stone staircase leading down here.
A large abomination comes into view.
Unknown command.
You see here a +0 mace.
There is a stone staircase leading up here.
You climb upwards.
There is a stone staircase leading down here.
(D) Dungeon (T) Temple (L) Lair (A) Shoals (P) Snake Pit (M) Slime Pits (O) Orcish Mines (E) Elven Halls (V) Vaults (C) Crypt (U) Depths (H) Hell (Z) Zot
Where to? (Enter - D:1 @ (x,y), ? - help)
You see here a +0 war axe.
An Orb Guardian comes into view.
Unknown command.
Things that are here:
a +0 club; a +0 dagger
There is a stone staircase leading up here.
You climb upwards.
There is a stone staircase leading down here.
(D) Dungeon (T) Temple (L) Lair (A) Shoals (P) Snake Pit (M) Slime Pits (O) Orcish Mines (E) Elven Halls (V) Vaults (C) Crypt (U) Depths (H) Hell (Z) Zot
Where to? (Enter - D:1 @ (x,y), ? - help)
The demonspawn shouts!
There is an open door here.
The demigod shouts!
The centaur shouts!
The draconian roars!
The kobold shouts!
The human shouts!
The felid hisses angrily.
The formicid shouts!
The dwarf shouts!
The tengu shouts!
The spriggan shouts!
The ogre shouts!
The octopode shouts!
The naga shouts!
The orc shouts!
The halfling shouts!
There is an open door here.
There is a staircase leading out of the dungeon here.
You see here a +0 short sword.
Unknown command.
You have escaped!

##### #####
#.@.######## ....#
#...##.....# ###.#
###'###.###.# #.#
#e#.#p#.###.# ##
###.#
###.###.....#### #.
.##.#
#o#.#f#........####.
..#.#######
###.###.....##......
..........#
#N#.#M#.#.#.#######.
..#.#####.#
###.###.....# ##


There were no monsters in sight!

Vanquished Creatures
  3 orbs of fire (Zot:5)
  3 dread liches
  Mennas (Vaults:4)
  2 ancient liches (Zot:5)
  Mara (Vaults:5)
  Frederick (Vaults:3)
  Bai Suzhen (Elf:3)
  Margery (Vaults:3)
  Saint Roka (Vaults:4)
  A caustic shrike (Depths:4)
  5 Killer Klowns (Zot:5)
  A curse toe (Zot:5)
  6 golden dragons
  Jory (Vaults:5)
  the Enchantress (Depths:2)
  9 tentacled monstrosities
  3 electric golems
  An Ice Fiend (IceCv)
  3 liches
  A Hell Sentinel (D:5)
  21 Orb Guardians (Zot:5)
  3 deep elf master archers (Elf:3)
  5 titans
  3 deep elf blademasters
  Polyphemus (Shoals:3)
  6 death cobs
  3 quicksilver dragons
  3 Executioners
  7 sphinxes
  2 krakens
  2 thorn hunters (Depths:2)
  Frances (D:14)
  14 storm dragons
  A tentacled starspawn (Abyss:2)
  8 tengu reavers
  Agnes (Snake:2)
  2 draconian monks
  Donald (Elf:3)
  7 shadow dragons
  14 nagarajas
  3 iron dragons
  Ilsuiw (Shoals:4)
  3 draconian scorchers
  A draconian knight (Zot:2)
  A ghost moth (Zot:4)
  9 frost giants
  13 fire giants
  10 deep elf sorcerers
  20 vault wardens
  9 deep elf elementalists
  4 draconian shifters
  2 draconian annihilators (Zot:5)
  An orc warlord (Orc:2)
  9 ironheart preservers
  5 spriggan defenders
  Aizul (Elf:3)
  2 draconian stormcallers
  22 stone giants
  21 very ugly things
  3 vampire knights
  4 black draconians
  3 deep elf demonologists (Elf:3)
  8 green draconians
  5 yellow draconians
  5 purple draconians
  5 white draconians
  A bunyip (shapeshifter) (Vaults:2)
  12 deep elf annihilators
  A red draconian (Depths:5)
  2 spark wasps (Depths:3)
  Snorg (D:11)
  An entropy weaver (Vaults:1)
  10 ettins
  12 fire dragons
  8 merfolk javelineers
  A jiangshi (Vaults:3)
  A green death (Abyss:2)
  Josephine (Shoals:1)
  8 merfolk impalers
  2 deep elf death magi (Elf:3)
  21 yaktaur captains
  4 great orbs of eyes
  4 deep elf high priests
  39 vault guards
  Fannar (D:10)
  14 ice dragons
  7 rakshasas
  9 boulder beetles
  13 hydras
  12 ogre magi
  3 catoblepae
  7 merfolk avatars
  7 spriggan air magi
  3 merfolk aquamancers
  23 naga warriors
  6 centaur warriors
  2 hell beasts (Depths:3)
  6 anacondas
  2 alligator snapping turtles
  An anaconda (shapeshifter) (Vaults:5)
  2 death knights
  3 satyrs
  14 dancing weapons
  37 two-headed ogres
  A queen ant (shapeshifter) (Vaults:5)
  8 deep troll earth magi
  2 tengu warriors
  24 naga sharpshooters
  4 orc high priests (Orc:2)
  5 deep troll shamans
  6 shock serpents
  2 vampire magi
  18 death yaks
  Urug (Lair:3)
  2 sun demons (Depths:4)
  A shock serpent (shapeshifter) (D:14)
  9 spriggan berserkers
  Sonja (Lair:5)
  4 hell knights
  A thrashing horror (Abyss:2)
  2 soul eaters (Depths:4)
  12 deep elf knights
  2 iron trolls
  An iron troll (shapeshifter) (Depths:4)
  A torturous demonspawn (Depths:3)
  2 shadow wraiths
  2 salamander mystics
  A gelid demonspawn (Depths:3)
  7 skeletal warriors
  5 unseen horrors
  9 sea snakes
  27 deep trolls
  5 glowing orange brains
  A shadow demon (Depths:4)
  2 flayed ghosts
  3 wizards
  8 naga ritualists
  An obsidian statue (Depths:4)
  7 deep elf archers
  24 ironbrand convokers
  A tengu zombie (D:15)
  A golden dragon skeleton (D:15)
  21 harpies
  2 phantasmal warriors
  A lindwurm (Lair:2)
  8 necromancers
  26 deep elf pyromancers
  10 orc knights
  18 deep elf zephyrmancers
  6 orc sorcerers
  7 mana vipers
  6 manticores
  11 cyclopes
  A mana viper (shapeshifter) (Vaults:4)
  23 fauns
  An orb spider (shapeshifter) (Vaults:1)
  14 salamanders
  4 oklob plants (Lair:4)
  A faun (shapeshifter) (Vaults:3)
  A fire giant zombie (D:15)
  6 moths of wrath
  5 wolf spiders
  The ghost of MrTvister the Ruffian, a novice TrMo of Wu Jian (D:5)
  13 elephants
  59 ugly things
  3 starcursed masses (Abyss:2)
  17 naga magi
  4 large abominations
  6 guardian serpents
  2 stone giant skeletons (Vaults:3)
  3 ice statues (IceCv)
  A torpor snail (shapeshifter) (Depths:2)
  2 merfolk sirens
  10 water nymphs
  A rust devil (Depths:4)
  32 black mambas
  A cane toad (shapeshifter) (D:13)
  10 cane toads
  22 vault sentinels
  3 torpor snails
  A gargoyle (D:13)
  3 orange demons
  A human zombie (Vaults:4)
  2 centaur skeletons
  Psyche (D:9)
  2 kobold demonologists (D:12)
  A yaktaur (shapeshifter) (Vaults:3)
  7 freezing wraiths
  3 rime drakes
  65 yaktaurs
  12 komodo dragons
  10 ice devils (IceCv)
  A queen bee (shapeshifter) (Vaults:5)
  2 merfolk (shapeshifter)
  8 tengu conjurers
  4 polar bears
  8 meliai
  31 merfolk
  A meliai (shapeshifter) (Vaults:5)
  A wind drake (shapeshifter) (Depths:2)
  8 wind drakes
  11 trolls
  A queen bee (Lair:4)
  2 slime creatures (shapeshifter)
  An ancient zyme (Abyss:2)
  10 hornets
  15 blink frogs
  16 slime creatures
  2 dream sheep (shapeshifter) (Vaults:5)
  16 dream sheep
  9 snapping turtles
  4 flying skulls (Abyss:2)
  17 spriggans
  2 air elementals (Elf:3)
  2 spriggans (shapeshifter)
  85 yaks
  3 wyverns
  A fire bat (shapeshifter) (D:13)
  2 vampires
  A tarantella (shapeshifter) (Vaults:5)
  14 water elementals
  A hog (shapeshifter) (Vaults:5)
  13 wraiths
  Grum (D:10)
  4 vampire mosquitoes
  5 fire elementals
  A neqoxec (Depths:3)
  6 basilisks
  A steam dragon (shapeshifter) (Vaults:3)
  2 wargs (shapeshifter)
  74 nagas
  A swamp worm (shapeshifter) (D:15)
  2 acid dragons (shapeshifter) (Depths:3)
  2 wargs
  5 acid dragons
  A water moccasin (shapeshifter) (Vaults:2)
  A hell hound (Abyss:2)
  11 water moccasins
  3 floating eyes
  7 black bears
  An ice beast (shapeshifter) (Depths:4)
  43 orc warriors
  2 eyes of draining
  9 ice beasts
  6 sky beasts
  A swamp drake (shapeshifter) (Depths:5)
  4 necrophages
  15 boggarts
  A tengu (shapeshifter) (Depths:5)
  52 ogres
  7 centaurs
  A centaur (shapeshifter) (Vaults:2)
  27 wolves
  A phantom (D:5)
  The ghost of chispire the Shield-Bearer, an amateur GrFi (D:3)
  2 kobold brigands
  2 small abominations (Abyss:2)
  4 earth elementals
  26 bullfrogs
  A human skeleton (Vaults:3)
  4 glowing shapeshifter simulacra
  5 scorpions
  2 wyvern skeletons
  32 killer bees
  30 wights
  4 electric eels
  6 howler monkeys
  6 crimson imps
  7 centaur zombies
  3 quasits
  2 yaktaur simulacra
  A bullfrog skeleton (D:11)
  3 bullfrog zombies
  10 hounds
  5 iron imps
  26 orc priests
  4 jellies
  5 iguanas
  19 orc wizards
  2 hell rats (Lair:4)
  4 worker ants
  3 hound skeletons
  A killer bee simulacrum (D:9)
  Robin (D:2)
  2 howler monkey zombies (D:5)
  A worker ant zombie (D:5)
  20 adders
  7 gnolls
  2 howler monkey skeletons
  2 shadow imps (Depths:3)
  12 white imps
  3 worker ant simulacra (D:9)
  5 ufetubi
  2 oozes
  2 adder skeletons (D:9)
  An adder zombie (D:5)
  A worm (D:2)
  3 dart slugs
  14 leopard geckos
  106 orcs
  14 giant cockroaches
  10 goblins
  12 hobgoblins
  14 jackals
  4 quokkas
  3 ball pythons (Sewer)
  12 bats
  5 frilled lizards
  A jackal skeleton (D:4)
  18 kobolds
  A leopard gecko zombie (D:5)
  A quokka zombie (D:5)
  A rat (D:3)
  5 tentacles
2399 creatures vanquished.

Vanquished Creatures (others)
  A Killer Klown (Zot:5)
  An Orb Guardian (Zot:5)
  A vault warden (Vaults:4)
  A stone giant (Depths:3)
  An ironheart preserver (Vaults:1)
  A purple draconian (Zot:5)
  A vault guard (Vaults:4)
  A deep elf high priest (Elf:3)
  A naga warrior (Snake:2)
  A boulder beetle (Vaults:4)
  A two-headed ogre (D:13)
  An anaconda (Snake:2)
  A hell knight (Vaults:3)
  A naga sharpshooter (Snake:4)
  An iron troll (Depths:3)
  An ironbrand convoker (Vaults:4)
  A harpy (Vaults:2)
  An orc knight (Vaults:2)
  A faun (Shoals:4)
  A manticore (Shoals:4)
  2 yaktaurs
  A polar bear (Lair:5)
  A merfolk (Shoals:2)
  A meliai (Lair:4)
  A snapping turtle (Shoals:4)
  An ice dragon zombie (D:15)
  A water elemental (Elf:2)
  2 yaks
  A wyvern (D:11)
  A naga (Snake:2)
  A water moccasin (shapeshifter) (D:14)
  3 orc warriors (Vaults:4)
  A boggart (Depths:2)
  An ogre (Depths:2)
  A killer bee (Lair:4)
  2 orc wizards
  2 white imps (Depths:4)
  A kobold (D:12)
  23 fungi
  373 plants
  2 starspawn tentacles (Abyss:2)
  16 tentacles
  4 withered plants (D:5)
462 creatures vanquished.

Grand Total: 2861 creatures vanquished

Notes
Turn   | Place    | Note
-------+----------+-------------------------------------------
     0 | D:1      | EnegeticOcto the Troll Hunter began the quest for the Orb.
     0 | D:1      | Reached XP level 1. HP: 19/19 MP: 0/0
     3 | D:1      | Noticed an elf
     3 | D:1      | Noticed a halfling
     5 | D:1      | Noticed a vine stalker
     7 | D:1      | Noticed a naga
     9 | D:1      | Noticed an ogre
     9 | D:1      | Noticed an octopode
    11 | D:1      | Noticed a merfolk
    11 | D:1      | Noticed a spriggan
    13 | D:1      | Noticed a tengu
    15 | D:1      | Noticed a formicid
    15 | D:1      | Noticed a dwarf
    17 | D:1      | Noticed a felid
    17 | D:1      | Noticed a vampire
    19 | D:1      | Noticed a human
    21 | D:1      | Noticed a draconian
    21 | D:1      | Noticed a troll
    23 | D:1      | Noticed a minotaur
    23 | D:1      | Noticed a centaur
    25 | D:1      | Noticed a demigod
    25 | D:1      | Noticed a ghoul
    27 | D:1      | Noticed a demonspawn
    27 | D:1      | Noticed a gargoyle
   253 | D:1      | Reached skill level 1 in Unarmed Combat
   272 | D:1      | Reached XP level 2. HP: 22/27 MP: 1/1
   447 | D:1      | Reached skill level 2 in Unarmed Combat
  1165 | D:2      | Reached XP level 3. HP: 33/33 MP: 2/2
  1213 | D:2      | Found a bloodstained altar of Trog.
  1303 | D:2      | Reached skill level 3 in Unarmed Combat
  1338 | D:2      | Noticed Robin
  1343 | D:2      | Killed Robin
  1528 | D:2      | Reached skill level 1 in Stealth
  1528 | D:2      | Reached XP level 4. HP: 32/41 MP: 3/3
  2119 | D:3      | Found a runed translucent gate.
  2120 | D:3      | Found a runed translucent gate.
  2121 | D:3      | Found a runed translucent gate.
  2122 | D:3      | Noticed chispire's ghost (amateur GrFi)
  2123 | D:3      | Noticed a kobold brigand
  2211 | D:3      | Reached skill level 4 in Unarmed Combat
  2211 | D:3      | Reached XP level 5. HP: 48/48 MP: 4/4
  2421 | D:3      | Reached skill level 2 in Stealth
  2808 | D:3      | Reached XP level 6. HP: 55/55 MP: 5/5
  3050 | D:4      | Reached skill level 5 in Unarmed Combat
  3105 | D:4      | Found a glowing drain.
  3113 | Sewer    | Entered a sewer
  3366 | Sewer    | Reached skill level 3 in Stealth
  3366 | Sewer    | Reached XP level 7. HP: 38/62 MP: 6/6
  3748 | D:4      | Reached skill level 2 in Fighting
  4588 | D:5      | Entered Level 5 of the Dungeon
  4602 | D:5      | Reached skill level 3 in Fighting
  4661 | D:5      | Reached skill level 6 in Unarmed Combat
  4663 | D:5      | Reached skill level 2 in Dodging
  4866 | D:5      | Found an opulent altar of Gozag.
  4969 | D:5      | Found a large runed translucent door.
  4973 | D:5      | Found a large runed translucent door.
  4977 | D:5      | Noticed MrTvister's ghost (novice TrMo)
  4982 | D:5      | Reached XP level 8. HP: 75/75 MP: 7/7
  5529 | D:5      | Reached skill level 4 in Fighting
  5529 | D:5      | Reached skill level 3 in Dodging
  5544 | D:5      | Reached skill level 7 in Unarmed Combat
  5592 | D:5      | Found a shadowy altar of Dithmenos.
  5625 | D:5      | Found Zireoral's General Store.
  5628 | D:5      | Bought a scroll of summoning for 123 gold pieces
  5628 | D:5      | Bought a potion of heal wounds for 65 gold pieces
  6096 | D:6      | Found a broken altar of Ashenzari.
  6143 | D:6      | Reached skill level 5 in Fighting
  6179 | D:6      | Found a staircase to the Ecumenical Temple.
  6186 | Temple   | Entered the Ecumenical Temple
  6503 | Temple   | Became a worshipper of Ru the Awakened
  7259 | D:6      | Reached skill level 8 in Unarmed Combat
  7643 | D:7      | Reached XP level 9. HP: 88/88 MP: 8/8
  8056 | D:7      | Reached skill level 6 in Fighting
  8214 | D:7      | Reached skill level 9 in Unarmed Combat
  8379 | D:8      | Gained mutation: You are somewhat unskilled. (-1 Apt) [Ru
                  | sacrifice]
  8379 | D:8      | Reduced skill Fighting to level 5
  8379 | D:8      | Reduced skill Dodging to level 2
  8379 | D:8      | Reduced skill Stealth to level 2
  8379 | D:8      | Reduced skill Unarmed Combat to level 8
  8379 | D:8      | Reached * piety under Ru
  8379 | D:8      | Reached ** piety under Ru
  9018 | D:8      | Reached skill level 9 in Unarmed Combat
  9177 | D:9      | Noticed Psyche
  9516 | D:9      | Reached skill level 10 in Unarmed Combat
  9570 | D:9      | Reached XP level 10. HP: 80/96 MP: 9/9
  9857 | D:9      | Gained mutation: You cannot study or cast Poison magic. [Ru
                  | sacrifice]
  9857 | D:9      | Gained mutation: You cannot study or cast Hexes magic. [Ru
                  | sacrifice]
  9857 | D:9      | Gained mutation: You cannot study or cast Translocations
                  | magic. [Ru sacrifice]
  9857 | D:9      | Reached *** piety under Ru
  9972 | D:9      | Reached skill level 11 in Unarmed Combat
 10142 | D:9      | Reached skill level 3 in Dodging
 10171 | D:9      | Noticed a brown ugly thing
 10541 | D:9      | Noticed a tengu warrior
 10842 | D:9      | Reached skill level 3 in Stealth
 10868 | D:9      | Killed a brown ugly thing
 10869 | D:9      | Reached skill level 1 in Evocations
 11195 | D:9      | Killed a tengu warrior
 11196 | D:9      | Reached skill level 6 in Fighting
 11196 | D:9      | Reached skill level 2 in Evocations
 11273 | D:9      | Killed Psyche
 11314 | D:10     | Entered Level 10 of the Dungeon
 11319 | D:10     | Noticed Grum
 11321 | D:10     | Noticed Fannar
 11492 | D:10     | Reached skill level 4 in Dodging
 11495 | D:10     | Gained mutation: You are hated by all. [Ru sacrifice]
 11495 | D:10     | Reached **** piety under Ru
 11508 | D:10     | Reached XP level 11. HP: 63/105 MP: 10/10
 11547 | D:10     | Found a staircase to the Orcish Mines.
 11899 | D:10     | Killed Fannar
 11900 | D:10     | Reached skill level 3 in Evocations
 11907 | D:10     | Killed Grum
 12413 | D:11     | Reached skill level 5 in Dodging
 12440 | D:11     | Noticed a two-headed ogre
 12450 | D:11     | Killed a two-headed ogre
 12451 | D:11     | Reached skill level 7 in Fighting
 12459 | D:11     | Gained mutation: You are somewhat inexperienced. (-2 XL)
                  | [Ru sacrifice]
 12459 | D:11     | Reached XP level 10. HP: 102/102 MP: 9/9
 12459 | D:11     | Reached XP level 9. HP: 93/93 MP: 8/8
 12459 | D:11     | Reached ***** piety under Ru
 12660 | D:11     | Noticed Snorg
 12717 | D:11     | Noticed a troll
 12771 | D:11     | Killed a troll
 12827 | D:11     | Noticed a troll
 12831 | D:11     | Killed a troll
 12838 | D:11     | Killed Snorg
 12839 | D:11     | Reached skill level 8 in Fighting
 12839 | D:11     | Reached XP level 10. HP: 94/104 MP: 0/9
 12853 | D:11     | Reached skill level 4 in Throwing
 13548 | D:11     | Found a staircase to the Lair.
 13638 | Lair:1   | Entered Level 1 of the Lair of Beasts
 13638 | Lair:1   | Noticed a cane toad
 13645 | Lair:1   | Killed a cane toad
 13646 | Lair:1   | Reached skill level 5 in Throwing
 13665 | Lair:1   | Noticed a cane toad
 13679 | Lair:1   | Killed a cane toad
 13680 | Lair:1   | Reached XP level 11. HP: 74/113 MP: 10/10
 13796 | Lair:1   | Gained mutation: You are dopey. (Int -2) [Ru sacrifice]
 13796 | Lair:1   | Reached ****** piety under Ru
 13988 | Lair:1   | Reached skill level 4 in Stealth
 14871 | Lair:2   | Reached skill level 9 in Fighting
 14954 | Lair:2   | Reached skill level 6 in Throwing
 14980 | Lair:2   | Found a staircase to the Shoals.
 15137 | Lair:2   | Found a staircase to the Snake Pit.
 15149 | Lair:2   | Reached skill level 4 in Evocations
 15287 | Lair:2   | Noticed a four-headed hydra
 15287 | Lair:2   | Noticed a seven-headed hydra
 15288 | Lair:2   | Noticed a four-headed hydra
 15289 | Lair:2   | Noticed a lindwurm
 15296 | Lair:2   | Killed a four-headed hydra
 15296 | Lair:2   | Killed a four-headed hydra
 15296 | Lair:2   | Killed a lindwurm
 15298 | Lair:2   | Killed a seven-headed hydra
 15299 | Lair:2   | Reached XP level 12. HP: 110/126 MP: 2/11
 15584 | Lair:3   | Noticed Urug
 15595 | Lair:3   | Reached skill level 5 in Evocations
 15602 | Lair:3   | Killed Urug
 15668 | Lair:3   | Reached skill level 10 in Fighting
 15683 | Lair:3   | Reached skill level 1 in Armour
 15934 | Lair:2   | Reached skill level 2 in Armour
 16033 | Lair:3   | Noticed a death yak
 16033 | Lair:3   | Noticed a death yak
 16059 | Lair:3   | Noticed a death yak
 16128 | Lair:3   | Killed a death yak
 16130 | Lair:3   | Killed a death yak
 16159 | Lair:3   | Killed a death yak
 16338 | Lair:3   | Reached skill level 7 in Throwing
 16338 | Lair:3   | Reached skill level 3 in Armour
 16832 | Lair:4   | Noticed a catoblepas
 16906 | Lair:4   | Noticed a four-headed hydra
 16920 | Lair:3   | Killed a four-headed hydra
 17009 | Lair:4   | Noticed a four-headed hydra
 17021 | Lair:4   | Killed a four-headed hydra
 17059 | Lair:4   | Noticed a death yak
 17060 | Lair:4   | Noticed a death yak
 17061 | Lair:4   | Noticed a death yak
 17062 | Lair:4   | Noticed a death yak
 17064 | Lair:4   | Killed a catoblepas
 17065 | Lair:4   | Reached skill level 4 in Armour
 17065 | Lair:4   | Reached XP level 13. HP: 116/121 MP: 3/12
 17071 | Lair:4   | Reached skill level 8 in Throwing
 17230 | Lair:4   | Reached skill level 9 in Throwing
 17290 | Lair:4   | Reached skill level 12 in Unarmed Combat
 17633 | Lair:4   | Reached skill level 10 in Throwing
 17833 | Lair:4   | Found the +1 cloak of Starlight {*Dazzle EV+4 Stlth--}
 18034 | Lair:4   | Reached XP level 14. HP: 125/136 MP: 13/13
 18312 | Lair:5   | Found a runed translucent gate.
 18312 | Lair:5   | Found a runed translucent gate.
 18312 | Lair:5   | Found a runed translucent gate.
 18324 | Lair:5   | Noticed Berchol's ghost (journeyman DgCj)
 18330 | Lair:5   | Found a runed translucent door.
 18330 | Lair:5   | Found a viscous altar of Jiyva.
 18334 | Lair:5   | Noticed an azure jelly
 18336 | Lair:5   | Noticed an azure jelly
 18372 | Lair:5   | Found a staircase to the Slime Pits.
 18509 | Lair:5   | Noticed Sonja
 18542 | Lair:5   | Killed Sonja
 18704 | Lair:5   | Reached skill level 11 in Throwing
 19261 | Lair:6   | Entered Level 6 of the Lair of Beasts
 19534 | Lair:6   | Reached skill level 13 in Unarmed Combat
 20128 | Lair:6   | Reached skill level 12 in Throwing
 20208 | Lair:6   | Paralysed by a hornet for 2 turns
 21119 | D:3      | Killed chispire's ghost
 21268 | D:5      | Killed MrTvister's ghost
 21490 | D:12     | Found a portal to a secret trove of treasure.
 21609 | D:12     | Reached skill level 14 in Unarmed Combat
 21837 | D:12     | Reached XP level 15. HP: 135/145 MP: 14/14
 23580 | Orc:1    | Entered Level 1 of the Orcish Mines
 23633 | Orc:1    | Reached skill level 15 in Unarmed Combat
 23948 | Orc:2    | Entered Level 2 of the Orcish Mines
 24332 | Orc:2    | Found a staircase to the Elven Halls.
 24380 | Orc:2    | Noticed an orc warlord
 24396 | Orc:2    | Killed an orc warlord
 24456 | Orc:1    | Cast into level 2 of the Abyss (orc knight)
 24461 | Abyss:2  | Got a shimmering robe
 24464 | Abyss:2  | Identified the +2 robe "Solo" {rPois Str+10 Int-5 Dex-2}
                  | (You found it on level 2 of the Abyss)
 24609 | Abyss:2  | Noticed a tentacled starspawn
 24626 | Abyss:2  | Killed a tentacled starspawn
 24721 | Orc:1    | Escaped the Abyss
 24946 | Orc:1    | Reached skill level 16 in Unarmed Combat
 25331 | Orc:2    | Found Sintet's Antique Armour Boutique.
 25332 | Orc:2    | Found Qetuush's Antique Weapon Shop.
 25334 | Orc:2    | Found Diowkaec's General Store.
 25334 | Orc:2    | Found Fungoasch's Jewellery Boutique.
 25361 | Orc:2    | Bought a shiny kite shield for 270 gold pieces
 25374 | Orc:2    | Bought a scroll of immolation for 45 gold pieces
 25374 | Orc:2    | Bought a potion of heal wounds for 65 gold pieces
 25374 | Orc:2    | Bought a scroll of immolation for 45 gold pieces
 25810 | D:14     | Reached skill level 1 in Shields
 25887 | D:14     | Noticed Frances
 25903 | D:14     | Killed Frances
 25933 | D:14     | Reached skill level 2 in Shields
 26291 | D:14     | Found a gate to the Vaults.
 26389 | D:15     | Entered Level 15 of the Dungeon
 26437 | D:15     | Found a staircase to the Depths.
 26511 | D:15     | Reached skill level 3 in Shields
 26526 | D:15     | Reached XP level 16. HP: 129/155 MP: 15/15
 26627 | D:15     | Reached skill level 4 in Shields
 27135 | D:15     | Reached skill level 5 in Shields
 28060 | Shoals:1 | Entered Level 1 of the Shoals
 28068 | Shoals:1 | Reached skill level 6 in Shields
 28111 | Shoals:1 | Noticed a kraken
 28116 | Shoals:1 | Noticed Josephine
 28126 | Shoals:1 | Killed Josephine
 28218 | Shoals:1 | Killed a kraken
 28694 | Shoals:1 | Reached skill level 7 in Shields
 29016 | Shoals:2 | Identified a scroll of acquirement
 29017 | Shoals:2 | Acquired 432 gold pieces
 29516 | Shoals:2 | Found a shadowy altar of Dithmenos.
 29781 | Shoals:3 | Reached skill level 11 in Fighting
 30106 | Shoals:3 | Reached skill level 8 in Shields
 30597 | Shoals:3 | Reached XP level 17. HP: 163/163 MP: 16/16
 30952 | Shoals:4 | Entered Level 4 of the Shoals
 31450 | Shoals:4 | Reached skill level 9 in Shields
 31535 | Shoals:4 | Noticed Ilsuiw
 31563 | Shoals:4 | Killed Ilsuiw
 31749 | Shoals:4 | Identified the +1 hunting sling of Sajiyx {flame, MP+9}
 31839 | Shoals:4 | Noticed Polyphemus
 31845 | Shoals:4 | Reached skill level 12 in Fighting
 31905 | Shoals:3 | Killed Polyphemus
 32348 | Shoals:4 | Got a barnacled rune of Zot
 32353 | Shoals:4 | Noticed a kraken
 32382 | Shoals:4 | Killed a kraken
 32383 | Shoals:4 | Reached skill level 6 in Evocations
 32415 | Shoals:4 | Noticed Roxanne
 32848 | Snake:1  | Entered Level 1 of the Snake Pit
 33154 | Snake:1  | Identified the +0 robe of Inquiry {-Tele Will++ Regen+}
                  | (You found it on level 1 of the Snake Pit)
 33289 | Snake:1  | Found Fiet's Assorted Antiques.
 33289 | Snake:1  | Found Ublyca's Antique Armour Boutique.
 33436 | Snake:1  | Found a frozen archway.
 33461 | IceCv    | Entered an ice cave
 33514 | IceCv    | Reached skill level 7 in Evocations
 33894 | IceCv    | Noticed an Ice Fiend
 33895 | IceCv    | Found the +18 shield of the Gong {rElec rN+ Will+ EV-5}
 33901 | IceCv    | Killed an Ice Fiend
 33902 | IceCv    | Reached XP level 18. HP: 184/184 MP: 17/17
 33941 | IceCv    | Found the +3 robe of Folly {Archmagi, Will-- Int+5}
 34365 | Snake:2  | Reached skill level 13 in Fighting
 34615 | Snake:2  | Noticed Agnes
 34627 | Snake:2  | Killed Agnes
 34628 | Snake:2  | Reached skill level 8 in Evocations
 35784 | Snake:3  | Found Rumiel's Jewellery Boutique.
 36452 | Snake:4  | Entered Level 4 of the Snake Pit
 37262 | Snake:4  | Reached skill level 13 in Throwing
 37600 | Snake:4  | Reached skill level 14 in Fighting
 37807 | Snake:4  | Reached XP level 19. HP: 197/197 MP: 18/18
 38345 | Snake:4  | Got a serpentine rune of Zot
 39261 | Elf:1    | Entered Level 1 of the Elven Halls
 39416 | Elf:1    | Reached skill level 14 in Throwing
 40166 | Elf:1    | Identified the Collected Works on Attacks
 40682 | Elf:2    | Found Zuk Ceop's General Store.
 40709 | Elf:2    | Identified the +2 kite shield of the Tanner {Int-5 Dex+4
                  | Stlth+} (You found it on level 2 of the Elven Halls)
 40735 | Elf:2    | Found a runed translucent gate.
 40735 | Elf:2    | Found a runed translucent gate.
 40735 | Elf:2    | Found a runed translucent gate.
 41003 | Elf:2    | Found an ancient bone altar of Kikubaaqudgha.
 41131 | Elf:3    | Entered Level 3 of the Elven Halls
 41131 | Elf:3    | Found Puowox's Antique Armour Shoppe.
 41609 | Elf:3    | Noticed Aizul
 41624 | Elf:3    | Killed Aizul
 41783 | Elf:3    | Noticed Bai Suzhen
 41808 | Elf:3    | Killed Bai Suzhen
 41867 | Elf:3    | Reached skill level 15 in Fighting
 43497 | Elf:3    | Identified the +1 leather armour of Goudac {rN+ Slay+2}
 44225 | Elf:3    | Cast into level 2 of the Abyss (a deep elf demonologist)
 44255 | Elf:3    | Escaped the Abyss
 44263 | Elf:3    | Reached XP level 20. HP: 210/210 MP: 19/19
 44595 | Elf:3    | Reached skill level 15 in Throwing
 44709 | Elf:3    | Noticed Donald
 44721 | Elf:3    | Killed Donald
 44739 | Elf:3    | Identified the +2 whip "Ecemom" {drain, Dex+4}
 44847 | Elf:3    | Identified the +1 scale mail "Omueshry" {rC+}
 44847 | Elf:3    | Identified the amulet "Musick" {RegenMP rElec rPois}
 45035 | Elf:3    | Identified Sif Muna's Almanac of Unstable Conjuration
 45038 | Elf:3    | Found the +0 staff of Battle
 45172 | Orc:2    | Bought emerald-encrusted pearl dragon scales for 3726 gold
                  | pieces
 45172 | Orc:2    | Identified the +1 pearl dragon scales of Resonance {rElec
                  | rN+ Str+4} (You bought it in a shop on level 2 of the
                  | Orcish Mines)
 45536 | Vaults:1 | Entered Level 1 of the Vaults
 45932 | Vaults:1 | Reached skill level 16 in Fighting
 45996 | Vaults:1 | Identified the +4 ring mail of Voko {rF+ Dex+6}
 45999 | Vaults:1 | Reached skill level 16 in Throwing
 47008 | Vaults:1 | Reached skill level 5 in Armour
 47394 | Snake:1  | Bought a fine cloak for 351 gold pieces
 47394 | Snake:1  | Identified the -7 cloak of Dull the Leaf {+Inv rF+ Int+2}
                  | (You bought it in a shop on level 1 of the Snake Pit)
 47636 | Orc:2    | Bought the ring "Nani" {rF+ rCorr Int+3} for 443 gold
                  | pieces
 48142 | Vaults:2 | Reached XP level 21. HP: 222/222 MP: 20/20
 48306 | Vaults:2 | Reached skill level 6 in Armour
 49754 | Vaults:3 | Noticed Margery
 49776 | Vaults:3 | Killed Margery
 49777 | Vaults:3 | Reached skill level 7 in Armour
 50019 | Vaults:3 | Reached skill level 17 in Throwing
 50415 | Vaults:3 | Noticed Frederick
 50427 | Vaults:3 | Killed Frederick
 50518 | Vaults:3 | Found a staircase to the Crypt.
 51283 | Vaults:4 | Reached skill level 17 in Fighting
 51357 | Vaults:4 | Reached skill level 8 in Armour
 51367 | Vaults:4 | Reached XP level 22. HP: 235/235 MP: 21/21
 51380 | Vaults:4 | Noticed Saint Roka
 51414 | Vaults:4 | Killed Saint Roka
 51651 | Vaults:4 | Found Jigutiba's Assorted Antiques.
 51652 | Vaults:4 | Found Wiraojel's Antique Weapon Boutique.
 51665 | Vaults:4 | Bought a scroll of teleportation for 57 gold pieces
 51665 | Vaults:4 | Bought a scroll of teleportation for 57 gold pieces
 51665 | Vaults:4 | Bought a wand of digging (6) for 152 gold pieces
 51687 | Vaults:4 | Found Ukhloeqid's Antique Weapon Boutique.
 52105 | Vaults:4 | Noticed Mennas
 52116 | Vaults:4 | Killed Mennas
 52617 | Depths:1 | Entered Level 1 of the Depths
 53360 | Depths:1 | Found a sparkling altar of Nemelex Xobeh.
 53397 | Depths:1 | Found a gateway to Hell.
 53816 | Depths:2 | Reached skill level 18 in Throwing
 54655 | Depths:2 | Identified the +5 spear "Agulun" {freeze, rF+ rC+ Int+2
                  | Dex+3}
 54658 | Depths:2 | Reached skill level 18 in Fighting
 54658 | Depths:2 | Identified the +5 flail "Beast's Undoing" {freeze, Dex+2}
 54724 | Depths:2 | Identified the +10 trident "Ipnokkom" {pain, *Contam rN++
                  | Str+3}
 54869 | Depths:2 | Reached XP level 23. HP: 180/247 MP: 22/22
 55672 | Depths:2 | Noticed the Enchantress
 55685 | Depths:2 | Killed the Enchantress
 55856 | Depths:3 | Found a flickering gateway to a bazaar.
 55914 | Bazaar   | Entered a bazaar
 55974 | Bazaar   | Found Eveiss's Book Emporium.
 55990 | Bazaar   | Found Efokk's Antique Armour Shoppe.
 56004 | Bazaar   | Found Yboutab's Antique Weapon Shoppe.
 56004 | Bazaar   | Found Ihoitwid's Weapon Emporium.
 56124 | Depths:3 | Found a gateway to a ziggurat.
 56213 | Depths:3 | Found a one-way gate to the infinite horrors of the Abyss.
 56384 | Depths:3 | Reached skill level 19 in Throwing
 56578 | Depths:3 | Found a one-way gate leading to the halls of Pandemonium.
 57901 | Depths:4 | Identified the +5 rapier of Suikagir {vorpal, Int+7}
 58438 | Depths:4 | Reached skill level 19 in Fighting
 58506 | Depths:4 | Noticed a caustic shrike
 58525 | Depths:4 | Reached skill level 9 in Armour
 58567 | Depths:4 | Reached XP level 24. HP: 261/261 MP: 22/22
 58850 | Depths:4 | Found Tuplamoa's Jewellery Boutique.
 58851 | Depths:4 | Found Xaamuger's Book Shoppe.
 58851 | Depths:4 | Found Acoatafa's Book Shoppe.
 58896 | Depths:5 | Entered Level 5 of the Depths
 59596 | Depths:5 | Found a gate to the Realm of Zot.
 59612 | Depths:5 | Reached skill level 10 in Armour
 60633 | Vaults:5 | Entered Level 5 of the Vaults
 60750 | Vaults:4 | Reached skill level 20 in Throwing
 60862 | Vaults:5 | Noticed Mara
 61086 | Vaults:5 | Killed Mara
 61100 | Vaults:5 | Identified the +2 buckler of Icviden {Harm rPois Str+4
                  | Int+2}
 61105 | Vaults:5 | Reached skill level 20 in Fighting
 61109 | Vaults:5 | Reached XP level 25. HP: 240/271 MP: 17/22
 61280 | Vaults:5 | Noticed Jory
 61287 | Vaults:5 | Killed Jory
 61288 | Vaults:5 | Reached skill level 21 in Throwing
 62077 | Vaults:5 | Got a silver rune of Zot
 63057 | Zot:1    | Entered Level 1 of the Realm of Zot
 63065 | Zot:1    | You fall into a shaft and drop 1 floor!
 63797 | Zot:1    | Reached skill level 22 in Throwing
 64760 | Zot:4    | Acquired the ring of Noxkit {+Inv Will+}
 64778 | Zot:5    | Entered Level 5 of the Realm of Zot
 65091 | Zot:5    | Noticed a dread lich
 65104 | Zot:5    | Killed a dread lich
 65337 | Zot:5    | Noticed a Killer Klown
 65718 | Zot:5    | Noticed an orb of fire
 65722 | Zot:5    | Gained mutation: You are very dopey. (Int -4) [an orb of
                  | fire]
 65730 | Zot:5    | Killed an orb of fire
 65731 | Zot:5    | Reached skill level 23 in Throwing
 65839 | Zot:5    | Noticed a Killer Klown
 65848 | Zot:5    | Killed a Killer Klown
 66255 | Zot:5    | Noticed an orb of fire
 66263 | Zot:5    | Killed an orb of fire
 66618 | Zot:5    | Noticed an orb of fire
 66621 | Zot:5    | Gained mutation: Your body sometimes deteriorates upon
                  | taking damage. [an orb of fire]
 66622 | Zot:5    | Gained mutation: Scrolls take you a little longer to read.
                  | [an orb of fire]
 66624 | Zot:5    | Gained mutation: Scrolls take you longer to read. [an orb
                  | of fire]
 66627 | Zot:5    | Gained mutation: You passively map a small area around you.
                  | [an orb of fire]
 66633 | Zot:5    | Killed an orb of fire
 66691 | Zot:5    | Noticed a dread lich
 66697 | Zot:5    | Killed a dread lich
 67000 | Zot:5    | Noticed a Killer Klown
 67011 | Zot:5    | Noticed a dread lich
 67070 | Zot:4    | Killed a dread lich
 67071 | Zot:4    | Reached skill level 24 in Throwing
 67083 | Zot:5    | Killed a Killer Klown
 67325 | Zot:5    | Killed a Killer Klown
 67395 | Zot:5    | Noticed a Killer Klown
 67399 | Zot:5    | Killed a Killer Klown
 67439 | Zot:5    | Noticed an ancient lich
 67448 | Zot:5    | Killed an ancient lich
 67520 | Zot:5    | Noticed an ancient lich
 67525 | Zot:5    | Killed an ancient lich
 67688 | Zot:5    | Noticed a Killer Klown
 67734 | Zot:5    | Killed a Killer Klown
 67859 | Zot:5    | Noticed a Killer Klown
 67872 | Zot:5    | Killed a Killer Klown
 67873 | Zot:5    | Reached skill level 25 in Throwing
 67925 | Zot:5    | Got the Orb of Zot
 67986 | Zot:2    | Noticed Evofoqei the pandemonium lord
 68014 | Zot:2    | Lost mutation: You are very dopey. (Int -4) [potion of
                  | mutation]
 68014 | Zot:2    | Lost mutation: Scrolls take you longer to read. [potion of
                  | mutation]
 68014 | Zot:2    | Lost mutation: Scrolls take you a little longer to read.
                  | [potion of mutation]
 68014 | Zot:2    | Gained mutation: You are robust. (+10% HP) [potion of
                  | mutation]
 68014 | Zot:2    | Gained mutation: Your body often deteriorates upon taking
                  | damage. [potion of mutation]
 68014 | Zot:2    | Gained mutation: You are very robust. (+20% HP) [potion of
                  | mutation]
 68025 | Zot:1    | Noticed Xanaonorr the pandemonium lord
 68312 | D:10     | Noticed an ancient lich
 68548 | D:$      | Escaped with the Orb!

Illustrated notes

Levels and vault maps discovered:
D:1:      kb_arrival_jail, layout_loops_corners, minmay_misc_feat_alley,
          chequers_big_river, st_stairs_7
D:2:      layout_basic, minmay_misc_feat_nine_boxes, trog_three_pillars_becter,
          uniq_robin
D:3:      layout_rooms, gammafunk_ghost_nasty_kobolds
D:4:      layout_basic, portal_sewer_entry_f
D:5:      layout_loops_cross, serial_shops, kennysheep_mini_moat, serial_undead,
          serial_undead_b, serial_undead_d, serial_undead_b, serial_undead_d,
          ebering_ghost_disaster_area, hangedman_feature_mirror,
          corexii_checkpoint_b
D:6:      layout_layer_cave, lemuel_crystal_altar, temple_green
D:7:      layout_basic
D:8:      layout_basic
D:9:      minmay_the_grid_4x2 [minmay_the_grid_rooms,
          minmay_the_grid_minigrid_small_alt, minmay_the_grid_empty,
          minmay_the_grid_expand, minmay_the_grid_minigrid_medium,
          minmay_the_grid_minigrid_small, minmay_the_grid_plusring,
          minmay_the_grid_prize_four_corners], layout_long_grid, serial_ice,
          serial_ice_f, serial_ice_g, serial_ice_j, serial_ice_h, serial_ice_c,
          serial_ice_n, serial_ice_o, serial_ice_a, uniq_psyche
D:10:     layout_gridville, hiddenorc1_lemuel, feat_on_display, uniq_grum,
          uniq_fannar
D:11:     layout_basic, erik_lair_dragon, special_room [special_room_orc],
          uniq_snorg
D:12:     layout_basic, enter_trove_0
D:13:     minmay_razor_zed, layout_loops_ring
D:14:     layout_rooms, david_vaults_4, chequers_serial_rivers_micro_c,
          uniq_frances
D:15:     gammafunk_depths_entry_grave, layout_basic, minmay_diamond_spiral
Temple:   roderic_octagonal_lattice_temple
Lair:1:   layout_cave_pods, wad_woods_river_02
Lair:2:   layout_long_grid, minmay_shoals_entry_beasts, dummy_snake_entry,
          serial_rivers, chequers_serial_rivers_micro_b,
          chequers_serial_rivers_micro_a, chequers_serial_rivers_micro_c,
          chequers_serial_rivers_room_b, hangedman_lair_generics_rect
Lair:3:   layout_cave_pods, uniq_urug
Lair:4:   regret_index_combs_of_tragedy, layout_cave_shapes,
          minmay_lair_oklob_chamber
Lair:5:   layout_cave_pods, slime_altar_2, maelrawn_ghost_gauntlet_escape,
          grunt_megastairs_5, uniq_sonja
Lair:6:   minmay_lair_end_enchanted_forest, layout_big_grid
Shoals:1: layout_shoals, uniq_josephine
Shoals:2: layout_shoals, lemuel_altar_in_water
Shoals:3: layout_shoals, nicolae_shoals_loop_pool
Shoals:4: shoals_end_grunt_garden, layout_shoals, shoal_ilsuiw, uniq_roxanne,
          uniq_polyphemus
Snake:1:  layout_rooms, portal_ice_cave_entry_frozen_things, minmay_shoptagon
Snake:2:  layout_grid_shapes, grunt_megastairs_4, uniq_agnes
Snake:3:  layout_basic, serial_shops, nicolae_shop_behind_doors,
          grunt_ministairs_13
Snake:4:  grunt_snake_rune_spirals, layout_onion, serial_bayou_shore_b
Orc:1:    layout_caves
Orc:2:    st_orc_congregation, layout_caves
Elf:1:    elf_arrival_002, layout_gridlike, minmay_elf_annihilation
Elf:2:    layout_geoelf_grid, basic_altar, serial_shops, shop, uniq_louise
Elf:3:    minmay_elf_hall_furrowed, layout_loops_corners, serial_shops,
          nicolae_shop_competitors_out_of_business, due_unseen_surprise,
          uniq_bai_suzhen, uniq_aizul, uniq_donald
Vaults:1: st_greater_box_4, hangedman_vaults_trim,
          nicolae_vaults_network_square, vaults_room_semicircle,
          vaults_room_octagon, v_misc_25, v_misc_29, vaults_dpeg_ring,
          v_misc_24, v_misc_27, layout_vaults_big_room,
          portal_desolation_entry_garden
Vaults:2: v_misc_15, vaults_mumra_lcd, nicolae_vaults_arrows, v_misc_30,
          vaults_room_grunt_arrival_checkpoint, ontoclasm_vaults_fault,
          v_alt_pattern_3, ontoclasm_vaults_spin, v_misc_1, vaults_dpeg_doors,
          ontoclasm_vaults_bender, v_misc_26, vaults_room_guarded_vault,
          vaults_room_semicircle, layout_vaults_omnibox
Vaults:3: ontoclasm_vaults_claustrophobia, st_spiral_rooms,
          nicolae_vaults_rhombus_5, minmay_crypt_entry_simple_box,
          layout_vaults_omnigrid, uniq_margery, uniq_frederick
Vaults:4: nicolae_vaults_diagonal_hallway_8, v_misc_10, vaults_dpeg_cross,
          vaults_room_octagon, nicolae_vaults_angled_halls,
          nicolae_vaults_specimen_jars, hangedman_vaults_hard_town_square,
          nicolae_vaults_sealed_display, hangedman_vaults_impose,
          hangedman_vaults_trim, layout_vaults_big_cross, uniq_saint_roka,
          uniq_mennas
Vaults:5: serial_shops, uniq_jory, uniq_mara
Depths:1: layout_basic, serial_glass, glass_columns_b, glass_columns_b,
          due_unseen_surprise, item_on_display_a, hell_entry,
          kennysheep_cluttered_room, nemelex_altar_shiori
Depths:2: grunt_forest_end_winery, layout_basic, hell_entry, nicolae_sextant
Depths:3: grunt_deathspiral_large, layout_gridlike, enter_ziggurat_c,
          hangedman_tar_grid_catacomb, abyss_entry, grunt_pan_entry_sceptre,
          serial_shops, bzr_entry_lakeside, dk_noncrumbling_3
Depths:4: evilmike_diamond_2, layout_cross, grunt_hell_entry_demonic_statue,
          minmay_misc_feat_more_columns, abyss_entry_glasseish,
          minmay_misc_feat_columns, infiniplex_staircase_door_maze,
          minmay_shop_grove
Depths:5: grunt_zot_entry_bicorn, layout_basic, pf_vacation_house_of_asmodeus,
          rand_demon_pan_entry_5, minmay_misc_feat_x, serial_bayou_shore_a
Zot:1:    hangedman_zot_vaults_quadrants, layout_onion_interference,
          st_stairs_13
Zot:2:    grunt_zot_stairs_faceoff, layout_misc_corridors
Zot:3:    nicolae_moth_party, layout_cathedral_of_symmetry, lemuel_elevator
Zot:4:    layout_gridlike
Zot:5:    layout_cathedral_of_symmetry

Skill      XL: |  1  2  3  4  5  6  7  8  9 10 11 12 13 14 15 16 17 18 19 20 21 22 23 24 25 |
---------------+----------------------------------------------------------------------------+-----
Unarmed Combat | 1 2 3 4 5 6 8 10 11 12 14 16 | 16.5
Stealth        | 1 2 3 2 3 4 |  4.0
Fighting       | 3 5 8 6 9 10 11 12 14 15 16 17 18 19 20 | 20.0
Dodging        | 2 3 2 4 5 |  5.0
Evocations     | 2 4 5 7 8 |  8.0
Throwing       | 5 6 7 10 12 13 14 16 17 18 19 20 25 | 25.2
Armour         | 4 5 8 9 10 | 10.0
Shields        | 3 8 9 |  9.0

Action                   |  1- 3 |  4- 6 |  7- 9 | 10-12 | 13-15 | 16-18 | 19-21 | 22-24 | 25-27 || total
-------------------------+-------+-------+-------+-------+-------+-------+-------+-------+-------++-------
Melee: Unarmed           |    96 |   177 |   371 |   731 |  1166 |  1643 |  1703 |  1558 |   507 ||  7952
       Punch             |       |     1 |    10 |    44 |    66 |       |       |       |       ||   121
Throw: Large rock        |     6 |     4 |       |     1 |     6 |       |    47 |   210 |   287 ||   561
       Stone             |       |    33 |   188 |    79 |    28 |       |       |       |       ||   328
       Boomerang         |       |    12 |       |    95 |   230 |   292 |   149 |       |       ||   778
       Dart              |       |     5 |    13 |    17 |       |       |       |       |       ||    35
       Javelin           |       |       |       |       |       |    15 |    34 |     6 |    44 ||    99
Invok: Apocalypse        |       |       |     1 |     2 |     5 |     4 |     1 |     4 |     2 ||    19
       Sacrifice Experie |       |       |     1 |       |       |       |       |       |       ||     1
       Sacrifice Skill   |       |       |     1 |       |       |       |       |       |       ||     1
       Sacrifice Love    |       |       |       |     1 |       |       |       |       |       ||     1
       Sacrifice Arcana  |       |       |       |     1 |       |       |       |       |       ||     1
       Power Leap        |       |       |       |     3 |     6 |     3 |       |       |     1 ||    13
       Sacrifice Purity  |       |       |       |     1 |       |       |       |       |       ||     1
       Draw Out Power    |       |       |       |       |     6 |     9 |     6 |     3 |       ||    24
Evoke: Wand              |       |       |       |    10 |     6 |    44 |     2 |     6 |    11 ||    79
       Lightning rod     |       |       |       |       |    12 |    19 |       |     6 |     2 ||    39
       Phial of floods   |       |       |       |       |     1 |     1 |     2 |     1 |       ||     5
       Tin of tremorston |       |       |       |       |       |     4 |     7 |     9 |     4 ||    24
       Condenser vane    |       |       |       |       |       |       |       |     7 |     2 ||     9
  Use: Scroll            |     5 |     6 |    14 |     4 |     5 |     9 |    11 |     8 |    11 ||    73
       Potion            |       |       |       |       |     1 |     1 |     1 |       |    11 ||    14
 Stab: Sleeping          |       |     1 |     5 |     7 |     8 |       |       |       |       ||    21
       Paralysed         |       |       |     4 |    10 |    48 |    22 |     5 |     8 |    10 ||   107
       Invisible         |       |       |       |     8 |    12 |    45 |    27 |    13 |    11 ||   116
       Distracted        |       |       |       |     1 |     8 |     9 |     9 |     9 |     2 ||    38
       Petrified         |       |       |       |       |    10 |       |       |       |       ||    10
Armor: Robe              |    34 |    72 |    66 |    55 |       |       |       |       |       ||   227
       Troll leather arm |       |       |     2 |    65 |   194 |    20 |       |       |       ||   281
       Skin              |       |       |       |       |     1 |     3 |       |       |       ||     4
       Fire dragon scale |       |       |       |       |       |   227 |    61 |       |       ||   288
       Pearl dragon scal |       |       |       |       |       |       |   100 |    60 |       ||   160
       Storm dragon scal |       |       |       |       |       |       |       |   285 |   219 ||   504
Dodge: Dodged            |    42 |   104 |   127 |   285 |   589 |   425 |   156 |   317 |   155 ||  2200
Block: Kite shield       |       |       |       |       |    62 |   998 |  1191 |  1551 |   651 ||  4453
       Reflection        |       |       |       |       |     1 |    48 |       |       |       ||    49

Table legend: (Time is in decaauts)
 A = Elapsed time spent in this place.
 B = Non-inter-level travel time spent in this place.
 C = Inter-level travel time spent in this place.
 D = Time resting spent in this place.
 E = Time spent auto-exploring this place.
 F = Levels seen in this place.
 G = Mean time per level.
                   A        B        C        D        E       F      G
               +--------+--------+--------+--------+--------+-----+--------+
         Total |  66786 |  60589 |   6197 |   9333 |  36054 |  55 | 1214.3 |
       Dungeon |  19228 |  16493 |   2735 |   1241 |  11259 |  15 | 1281.9 |
        Temple |    332 |    294 |     38 |      0 |    291 |   1 |  332.0 |
          Lair |   7179 |   6746 |    433 |    301 |   4804 |   6 | 1196.5 |
        Shoals |   4807 |   4635 |    172 |    816 |   2463 |   4 | 1201.8 |
     Snake Pit |   5443 |   5107 |    336 |    826 |   2990 |   4 | 1360.8 |
  Orcish Mines |   2120 |   1780 |    340 |    351 |    921 |   2 | 1060.0 |
   Elven Halls |   5691 |   5386 |    305 |   2672 |   1747 |   3 | 1897.0 |
        Vaults |   8441 |   7545 |    896 |    443 |   5064 |   5 | 1688.2 |
        Depths |   7181 |   6365 |    816 |    335 |   4361 |   5 | 1436.2 |
           Zot |   4798 |   4675 |    123 |   2020 |   1594 |   5 |  959.6 |
         Abyss |    276 |    276 |      0 |     54 |      0 |   2 |  138.0 |
        Bazaar |    126 |    126 |      0 |      0 |    123 |   1 |  126.0 |
         Sewer |    622 |    622 |      0 |     23 |    434 |   1 |  622.0 |
      Ice Cave |    535 |    535 |      0 |    247 |      0 |   1 |  535.0 |
               +--------+--------+--------+--------+--------+-----+--------+

Top non-repeatable levels by time:
   Elf:3: 3766 daAuts
   Zot:5: 2729 daAuts
 Snake:4: 2287 daAuts
     D:9: 2269 daAuts
Vaults:4: 1967 daAuts
Vaults:1: 1935 daAuts
Depths:3: 1892 daAuts
Vaults:2: 1840 daAuts
    D:15: 1823 daAuts
    D:11: 1725 daAuts
Depths:2: 1692 daAuts
Vaults:3: 1488 daAuts
Shoals:4: 1465 daAuts
     D:6: 1453 daAuts
  Lair:6: 1444 daAuts
